 Dungeon Crawl Stone Soup version 0.24-a0-537-g2d01d4ab0a (webtiles) character file.

Game seed: 17603951667091750137

45 Napalmbreeze the Skirmisher (level 3, -5/34 HPs)
             Began as a Hill Orc Fighter on Aug 13, 2019.
             Slain by a gnoll sergeant
             ... wielding a +1 antimagic spear
              (10 damage)
             ... on level 2 of the Dungeon.
             The game lasted 00:01:25 (866 turns).

Napalmbreeze the Skirmisher (Hill Orc Fighter)       Turns: 866, Time: 00:01:26

Health: -5/34      AC:  7    Str: 19    XL:     3   Next: 64%
Magic:  0/3        EV:  7    Int:  8    God:
Gold:   56         SH:  9    Dex: 10    Spells: 2/2 levels left

rFire    . . .     SeeInvis .   a - +0 war axe
rCold    . . .     Gourm    .   c - +0 shield
rNeg     . . .     Faith    .   b - +0 scale mail
rPois    .         Spirit   .   (no helmet)
rElec    .         Reflect  .   (no cloak)
rCorr    .         Harm     .   (no gloves)
MR       .....                  (no boots)
Stlth    ..........             (no amulet)
HPRegen  0.11/turn              (no ring)
MPRegen  0.08/turn              (no ring)

@: no status effects
A: no striking features
a: no special abilities


You were on level 2 of the Dungeon.
You were not hungry.

You visited 1 branch of the dungeon, and saw 2 of its levels.

You collected 56 gold pieces.

Inventory:

Hand Weapons
 a - a +0 war axe (weapon)
Armour
 b - a +0 scale mail (worn)
 c - a +0 shield (worn)
Jewellery
 k - an uncursed ring of fire
Scrolls
 h - a scroll of fear {unknown}
 j - 3 scrolls of remove curse {unknown}
 l - a scroll of fog {unknown}
 m - a scroll of identify {unknown}
Potions
 d - a potion of might
 e - a potion of haste {unknown}
 g - a potion of flight {unknown}
 i - 2 potions of ambrosia {unknown}
Comestibles
 f - a ration


   Skills:
 * Level 4.4 Fighting
 + Level 3.3 Axes
 + Level 3.7 Armour
 + Level 3.6 Shields


You had 2 spell levels left.
You didn't know any spells.
Your spell library was empty.

Dungeon Overview and Level Annotations

Branches:
Dungeon (2/15)

Altars:


Message History

You are too injured to fight recklessly!
You are too injured to fight recklessly!
You are too injured to fight recklessly!
You are too injured to fight recklessly!
You are too injured to fight recklessly!
You are too injured to fight recklessly!
You are too injured to fight recklessly!
You are too injured to fight recklessly!
You hit the gnoll sergeant but do no damage.
The gnoll sergeant is moderately wounded.
You block the gnoll sergeant's attack.
You slash the gnoll sergeant!
The gnoll sergeant is severely wounded.
The gnoll sergeant hits you but does no damage.
You slash the gnoll sergeant!
The gnoll sergeant is almost dead.
The gnoll sergeant hits you with a +1 antimagic spear!
* * * LOW HITPOINT WARNING * * *
The gnoll sergeant hits you with a +1 antimagic spear!
You die...

############
#..........#
#.###.#.##.#
#.##.###.#.## ###
#.#.##
##.#.###.....
#..## ##.#....#
#.#.## ##g#.#####
#.##.###@#.##
#.###.#.##.#######
#.# ##.###........
#.# #.# #.#######
#.# #.# #g#
#.####.###g#
#..........#
######.###.#
#...#.# #.#


You could see a gnoll sergeant.

Vanquished Creatures
  A gnoll (D:2)
  A dart slug (D:1)
  A leopard gecko (D:1)
  3 giant cockroaches (D:1)
  6 hobgoblins (D:1)
  4 jackals (D:1)
  2 kobolds (D:1)
  5 bats (D:1)
  2 frilled lizards (D:1)
  A goblin (D:1)
  4 rats
30 creatures vanquished.

Notes
Turn   | Place    | Note
-------+----------+-------------------------------------------
     0 | D:1      | Napalmbreeze the Hill Orc Fighter began the quest for the
                  | Orb.
     0 | D:1      | Reached XP level 1. HP: 19/19 MP: 1/1
   138 | D:1      | Reached XP level 2. HP: 22/27 MP: 2/2
   197 | D:1      | Reached skill level 4 in Fighting
   481 | D:1      | Reached XP level 3. HP: 30/33 MP: 3/3
   844 | D:2      | Noticed a gnoll sergeant
   866 | D:2      | Slain by a gnoll sergeant

Levels and vault maps discovered:
D:1:      minmay_arrival_stone_box, layout_basic
D:2:      layout_loops_ring, lemuel_crystal_altar, lemuel_doored_altar,
          uniq_sigmund, uniq_crazy_yiuf_cottage

Skill      XL: |  1  2 |
---------------+-------+-----
Axes           | 3 |  3.3
Fighting       | 4 |  4.4
Armour         | |  3.7
Shields        | |  3.6

Action                   || total
-------------------------++-------
Melee: War axe           ||   132
Armor: Scale mail        ||    92
Dodge: Dodged            ||    54
Block: Shield            ||    82

Table legend:
 A = Non-vault XP
 B = Vault XP
 C = Vault XP percentage of total XP
 D = Non-vault monster count
 E = Vault monster count
 F = Vault count percentage of total count
                 A         B        C        D         E       F
            +---------+---------+-------+---------+---------+-------
      Total |      65 |       0 |   0.0 |      30 |       0 |   0.0
            +---------+---------+-------+---------+---------+-------
        D:1 |      50 |       0 |   0.0 |      28 |       0 |   0.0
        D:2 |      15 |       0 |   0.0 |       2 |       0 |   0.0
            +---------+---------+-------+---------+---------+-------
